 Dungeon Crawl Stone Soup version 0.16.1-18-g436b03c (webtiles) character file.

27870 drasked the Brawler (level 13, -5/127 HPs)
             Began as a Troll Monk on May 14, 2015.
             Was an Elder of Jiyva.
             Slain by a 12-headed hydra (11 damage)
             ... on level 2 of the Lair of Beasts.
             The game lasted 00:53:15 (17289 turns).

drasked the Brawler (Troll Monk)                   Turns: 17289, Time: 00:53:15

Health: -5/127     AC:  9    Str: 34    XL:     13   Next: 6%
Magic:  5/5        EV: 19    Int:  3    God:    Jiyva [****..]
Gold:   1816       SH:  0    Dex: 16    Spells: 0 memorised, 12 levels left

rFire  + . .     SeeInvis .       - Unarmed
rCold  . . .     Clarity  +     r - +1 robe "Paennoph" {Str+3 Slay+3}
rNeg   + . .     SustAb   .     (shield restricted)
rPois  +         Gourm    +     J - +2 hat of Voejeb {+Fly}
rElec  .         Spirit   .     A - +0 cloak "Kengug" {rCorr}
rCorr  +         Warding  .     (gloves unavailable)
rMut   .         Stasis   .     (boots unavailable)
MR     +++..                    I - amulet of the Four Winds {Clar rN+ MR+++}
Stlth  ++........               o - ring of Harmony {rPois rF+ Int-3 Dex+4} (curse)
                                g - +5 ring of evasion

@: mighty, drained, extremely resistant to hostile enchantments, unstealthy
A: unfitting armour, claws 3, fast metabolism 3, gourmand, regeneration 2,
shaggy fur 1, tough skin 2, wild magic 1
a: Request Jelly, Jelly Paralyse, Slimify, Renounce Religion, Evoke Flight


You were on level 2 of the Lair of Beasts.
You worshipped Jiyva.
Jiyva was greatly pleased with you.
You were very full.

You visited 2 branches of the dungeon, and saw 18 of its levels.
You also visited: Trove and Sewer.

You collected 1981 gold pieces.
You spent 165 gold pieces at shops.

Inventory:

Armour
 r - the +1 robe "Paennoph" (worn) {Str+3 Slay+3}
   (You bought it in a shop on level 11 of the Dungeon)

   It affects your strength (+3).
   It affects your accuracy and damage with ranged weapons and melee attacks
   (+3).
 A - the +0 cloak "Kengug" (worn) {rCorr}
   (You found it in a treasure trove)

   It protects you from acid and corrosion.
 H - a +0 hat of magic resistance
   (You found it in a treasure trove)
 J - the +2 hat of Voejeb (worn) {+Fly}
   (You found it in a treasure trove)

   It lets you fly.
Jewellery
 g - a +5 ring of evasion (left claw)
   (You found it on level 1 of the Dungeon)
 o - the cursed ring of Harmony (right claw) {rPois rF+ Int-3 Dex+4}
   (You found it on level 7 of the Lair of Beasts)

   [ring of intelligence]

   It affects your intelligence (-3).
   It affects your dexterity (+4).
   It protects you from fire.
   It protects you from poison.
   It has a curse placed upon it.
 B - an uncursed ring of protection from cold {rC+, !d}
   (You took it off an orc on level 10 of the Dungeon)
 I - the amulet of the Four Winds (around neck) {Clar rN+ MR+++}
   (You found it in a treasure trove)

   [amulet of clarity]

   It provides mental clarity.
   It protects you from negative energy.
   It affects your resistance to hostile enchantments.
 L - the amulet "Mehant" {Clar rElec Str-4 Int+2}
   (You found it in a treasure trove)

   [amulet of clarity]

   It provides mental clarity.
   It affects your strength (-4).
   It affects your intelligence (+2).
   It insulates you from electricity.
Magical devices
 p - a wand of magic darts (22)
   (You found it on level 1 of the Lair of Beasts)
 E - a wand of draining (8)
   (You found it in a treasure trove)
 P - a wand of flame (15)
   (You took it off Blork the orc on level 8 of the Dungeon)
 T - a wand of lightning (2)
   (You found it on level 9 of the Dungeon)
Scrolls
 a - a scroll of recharging
 e - 6 scrolls of identify
 h - 3 scrolls of teleportation
 u - a scroll of magic mapping {!r}
 w - a scroll of fear
 y - 4 scrolls of remove curse
 C - 3 scrolls of enchant weapon
 G - 4 scrolls of blinking {unknown}
 K - a scroll of vulnerability {unknown}
 M - a scroll of enchant armour {unknown}
 R - a scroll of fog {unknown}
Potions
 c - 2 potions of invisibility {unknown}
 d - a potion of beneficial mutation {unknown}
 i - a potion of haste
 j - 5 potions of brilliance
 k - 3 potions of flight
 l - a potion of curing {unknown}
 m - a potion of mutation {!q}
 q - 2 potions of magic
 s - a potion of cancellation
 t - a potion of heal wounds
 F - 3 potions of restore abilities
 N - a potion of berserk rage {unknown}
 O - 2 potions of lignification {unknown}
 Q - 2 potions of ambrosia {unknown}
Comestibles
 b - 10 meat rations {@e2}
 f - 7 bread rations {@e1}
 n - 5 beef jerkies
 z - 28 fruits
 S - 7 slices of pizza
 W - a royal jelly


   Skills:
 + Level 7.7(7.4) Fighting
 + Level 8.2(7.8) Dodging
 - Level 2.1(1.8) Stealth
 * Level 17.4(17.0) Unarmed Combat


You had 12 spell levels left.
You didn't know any spells.

Dungeon Overview and Level Annotations

Branches:
Dungeon (11/15)            Temple (0/1) D:5            Lair (7/8) D:11
  Swamp (0/5) Lair:6        Slime (0/6) Lair:7          Orc (0/4) D:9
  Snake: Lair:3-6    Spider: Lair:3-6

Altars:
Ashenzari
Makhleb
Okawaru
Xom
The Shining One
Jiyva

Shops:
D:5 [   D:10 (?[   D:11 [

Annotations:
D:8 exclusion: hydra


Innate Abilities, Weirdness & Mutations

You are too large for most types of armour.
You have claws for hands.
Your metabolism is lightning-fast.
You like to eat raw meat.
You heal very quickly.
You are covered in fur (AC +1).
You have very tough skin (AC +2).
Your spells are a little harder to cast, but a little more powerful.


Message History

Done exploring.
Done exploring.
Done exploring.
You claw the fungus! You mangle the fungus!!
You scratch the plant but do no damage.
The jelly hits the fungus.
The fungus is splashed with acid.
The jelly hits the fungus.
The fungus is splashed with acid.
You see here 29 stones.
There is a stone staircase leading down here.
You climb downwards.
There is a stone staircase leading up here.
You see here 5 gold pieces.
You hear a distant slurping noise.
Jiyva appreciates your sacrifice.
You feel a little less hungry. The quokka completely misses you.
You see here 5 gold pieces.
You now have 1816 gold pieces (gained 5).
The quokka misses you.
You hear a distant slurping noise.
Jiyva appreciates your sacrifice.
You feel a little less hungry.
You hear a distant slurping noise.
Jiyva appreciates your sacrifice.
You feel a little less hungry.
You claw the quokka!
You kill the quokka!
No target in view!
You hear a distant slurping noise.
There is a stone staircase leading up, spattered with blood here.
You hear a distant slurping noise.
Jiyva appreciates your sacrifice.
You feel a little less hungry.
You hear a distant slurping noise.
Jiyva appreciates your sacrifice.
You feel a little less hungry. The ten-headed hydra misses you.
The ten-headed hydra completely misses you.
The ten-headed hydra barely misses you.
The ten-headed hydra bites you but does no damage.
The ten-headed hydra misses you. x2
The ten-headed hydra bites you! x2
The ten-headed hydra misses you.
The ten-headed hydra bites you but does no damage.
You see here 12 gold pieces.
You take 28 damage, and have 99/127 hp.
MASSIVE DAMAGE!!
You claw one of the ten-headed hydra's heads off!
The nine-headed hydra grows two more!
You eviscerate the 11-headed hydra!!!
The 11-headed hydra begins to bleed from its wounds!
The 11-headed hydra completely misses you.
The 11-headed hydra bites you! The 11-headed hydra closely misses you.
The 11-headed hydra barely misses you. The 11-headed hydra bites you!
The 11-headed hydra closely misses you.
The 11-headed hydra bites you but does no damage.
The 11-headed hydra completely misses you.
The 11-headed hydra misses you. The 11-headed hydra bites you!
The 11-headed hydra closely misses you.
You take 29 damage, and have 71/127 hp.
MASSIVE DAMAGE!!
Drink which item? (? for menu, Esc to quit)
Okay, then.
Drink which item? (? for menu, Esc to quit)
You feel very mighty all of a sudden.
The 11-headed hydra bites you but does no damage.
The 11-headed hydra bites you. The 11-headed hydra bites you!
The 11-headed hydra bites you!
The 11-headed hydra bites you but does no damage.
The 11-headed hydra barely misses you.
The 11-headed hydra completely misses you.
The 11-headed hydra bites you. The 11-headed hydra barely misses you.
The 11-headed hydra bites you. x2
* * * LOW HITPOINT WARNING * * *
You take 33 damage, and have 38/127 hp.
MASSIVE DAMAGE!!
Drink which item? (? for menu, Esc to quit)
You feel much better. The 11-headed hydra closely misses you.
The 11-headed hydra bites you! The 11-headed hydra bites you.
* * * LOW HITPOINT WARNING * * *
The 11-headed hydra bites you!
* * * LOW HITPOINT WARNING * * *
The 11-headed hydra bites you!
* * * LOW HITPOINT WARNING * * *
The 11-headed hydra completely misses you.
The 11-headed hydra barely misses you. The 11-headed hydra bites you.
* * * LOW HITPOINT WARNING * * *
The 11-headed hydra bites you.
* * * LOW HITPOINT WARNING * * *
The 11-headed hydra barely misses you. The 11-headed hydra closely misses you.
You take 33 damage, and have 5/127 hp.
MASSIVE DAMAGE!!
Read which item? (? for menu, Esc to quit)
Okay, then.
You tear one of the 11-headed hydra's heads off!
The ten-headed hydra grows two more!
You claw the 12-headed hydra! The 12-headed hydra misses you.
The 12-headed hydra bites you but does no damage.
The 12-headed hydra bites you!
You die...

##.#.## ##.....##
##.......# ##......#.#
###...8...r.#
#.........#.##
##......####..#
#######..8...####$#.#
##.8.##.........@D.#.##
#.....#..............P#
.8.<..+.8.<.8..8...#.##
#....................#
#..8.#.............#.#
########..8...##.#.#.#
##.........##.#
##........#..#
.#...8......#


You could see a 12-headed hydra (bleeding).

Vanquished Creatures
  Gastronok (D:10)
  A fire dragon (Lair:7)
  A hydra (D:11)
  3 griffons (Lair:7)
  A hill giant (D:10)
  4 elephants (Lair:7)
  4 black mambas
  A torpor snail (Lair:6)
  2 komodo dragons
  3 spiny frogs
  A two-headed ogre (D:9)
  3 blink frogs (Lair:1)
  4 trolls
  Prince Ribbit (Lair:1)
  A boulder beetle (Lair:7)
  A deep elf mage (D:9)
  30 yaks
  A hungry ghost (D:7)
  3 hippogriffs
  15 swamp worms (Lair:7)
  A swamp drake (D:9)
  4 wolves (D:11)
  The ghost of Shaaah the Magician, an average DEEE (D:3)
  4 ogres
  A porcupine (Lair:6)
  6 water moccasins
  2 sky beasts
  A necrophage (D:7)
  5 orc warriors
  4 phantoms
  2 black bears
  10 ice beasts
  6 big kobolds
  13 giant frogs
  7 centaurs
  Blork the orc (D:8)
  4 crocodiles
  A gnoll sergeant (D:8)
  14 killer bees
  A scorpion (D:4)
  10 wights
  2 jellies
  5 electric eels
  A vampire bat (D:3)
  8 crimson imps
  2 goliath beetles
  A giant frog zombie (D:9)
  5 iguanas
  3 giant frog skeletons
  13 hounds
  14 orc wizards
  13 orc priests
  A gnoll shaman (D:4)
  8 hell rats (Lair:1)
  5 worker ants
  18 sheep
  A hound zombie (D:8)
  A hound skeleton (D:10)
  A worker ant zombie (D:5)
  14 gnolls
  38 river rats
  16 adders
  2 shadow imps
  A giant mite (D:11)
  7 worms
  An adder zombie (D:5)
  3 fire bats (D:3)
  4 giant geckos
  50 orcs
  2 spectral bats (D:3)
  27 bats
  4 bat skeletons
  2 bat zombies
  9 giant cockroaches
  15 hobgoblins
  17 kobolds
  5 river rat skeletons (Sewer)
  A bat simulacrum (D:3)
  A giant gecko zombie (D:5)
  7 giant newts
  A giant spore (D:7)
  16 goblins
  3 jackals
  2 orc zombies (D:9)
  11 quokkas
  32 rats
  A rat skeleton (Sewer)
  A rat zombie (Sewer)
  7 ballistomycetes
581 creatures vanquished.

Vanquished Creatures (others)
  A spiny frog (Lair:7)
  A hound (Lair:1)
  6 jellies
  A quokka (Lair:1)
  A giant spore (D:11)
  A fungus (Lair:7)
  2 plants (Lair:7)
13 creatures vanquished.

Grand Total: 594 creatures vanquished

Notes
Turn   | Place    | Note
--------------------------------------------------------------
     0 | D:1      | drasked, the Troll Monk, began the quest for the Orb.
     0 | D:1      | Reached XP level 1. HP: 22/22 MP: 1/1
   114 | D:1      | Reached XP level 2. HP: 29/29 MP: 1/1
   936 | D:2      | Reached XP level 3. HP: 36/36 MP: 2/2
  1044 | D:2      | Reached XP level 4. HP: 33/44 MP: 2/2
  1049 | D:2      | Reached skill level 3 in Dodging
  1346 | D:2      | Reached skill level 3 in Fighting
  1622 | D:2      | Reached XP level 5. HP: 49/53 MP: 2/2
  1721 | D:3      | Reached skill level 2 in Stealth
  1733 | D:3      | Reached skill level 5 in Unarmed Combat
  1774 | D:3      | Reached XP level 6. HP: 29/61 MP: 3/3
  1980 | D:3      | Noticed Shaaah's ghost (average DEEE)
  1989 | D:3      | Killed Shaaah's ghost
  1989 | D:3      | Reached skill level 6 in Unarmed Combat
  2596 | D:4      | Found an iron altar of Okawaru.
  2710 | D:4      | Found a burning altar of Makhleb.
  2749 | D:4      | Reached skill level 7 in Unarmed Combat
  2749 | D:4      | Reached XP level 7. HP: 52/67 MP: 3/3
  3074 | D:4      | Reached skill level 8 in Unarmed Combat
  3505 | D:5      | Entered Level 5 of the Dungeon
  3525 | D:5      | Found a glowing drain.
  3569 | Sewer    | Entered a sewer
  3578 | Sewer    | Reached XP level 8. HP: 51/75 MP: 3/3
  3640 | Sewer    | Reached skill level 9 in Unarmed Combat
  4009 | D:5      | Found a shattered altar of Ashenzari.
  4215 | D:5      | Reached skill level 10 in Unarmed Combat
  4454 | D:5      | Found a staircase to the Ecumenical Temple.
  4454 | D:5      | Found Psaifrom's Armour Shop.
  4482 | D:5      | Reached skill level 11 in Unarmed Combat
  5017 | D:6      | Reached XP level 9. HP: 83/83 MP: 4/4
  6460 | D:7      | Reached skill level 12 in Unarmed Combat
  6954 | D:7      | Reached skill level 13 in Unarmed Combat
  7878 | D:8      | Noticed Blork the orc
  7898 | D:8      | Killed Blork the orc
  8278 | D:8      | HP: 18/83 [sheep (12)]
  8283 | D:8      | Reached XP level 10. HP: 19/91 MP: 4/4
  8429 | D:8      | Noticed a three-headed hydra
  9149 | D:9      | Found a shimmering altar of Xom.
  9257 | D:9      | Reached skill level 14 in Unarmed Combat
  9457 | D:9      | Reached skill level 4 in Dodging
  9607 | D:9      | Found a staircase to the Orcish Mines.
  9613 | D:9      | Reached skill level 4 in Fighting
 10098 | D:10     | Entered Level 10 of the Dungeon
 10117 | D:10     | Noticed Gastronok
 10136 | D:10     | Killed Gastronok
 10396 | D:10     | Found Crula's Antique Armour Shoppe.
 10561 | D:10     | Reached skill level 5 in Dodging
 10561 | D:10     | Reached XP level 11. HP: 49/101 MP: 4/4
 10687 | D:10     | Reached skill level 15 in Unarmed Combat
 10856 | D:10     | Found a portal to a secret trove of treasure.
 11088 | Trove    | Entered a treasure trove
 11096 | Trove    | Got a bloodstained cloak
 11119 | Trove    | Got a faintly glowing hat
 11123 | Trove    | Got a smoking steel amulet
 11148 | D:10     | Identified the +2 hat of Voejeb {+Fly} (You found it in a treasure trove)
 11178 | D:10     | Identified the +0 cloak "Kengug" {rCorr} (You found it in a treasure trove)
 11179 | D:10     | Identified the amulet "Mehant" {Clar rElec Str-4 Int+2} (You found it in a treasure trove)
 11482 | D:10     | Found Juj Apru's Magic Scroll Shoppe.
 11485 | D:10     | Found Mnamyl's Weapon Boutique.
 11496 | D:10     | Reached skill level 5 in Fighting
 11508 | D:10     | Noticed a hill giant
 11516 | D:10     | Killed a hill giant
 11854 | D:11     | Noticed a five-headed hydra
 11863 | D:11     | HP: 24/104 [eight-headed hydra (4)]
 11864 | D:11     | Killed a nine-headed hydra
 12049 | D:11     | Found Owkuocs' Antique Armour Emporium.
 12060 | D:11     | Bought a warped robe for 165 gold pieces
 12070 | D:11     | Identified the +1 robe "Paennoph" {Str+3 Slay+3} (You bought it in a shop on level 11 of the Dungeon)
 12242 | D:11     | Reached skill level 6 in Dodging
 12243 | D:11     | Found a staircase to the Lair.
 12245 | D:11     | HP: 26/104 [electric eel/bolt of electricity (6)]
 12606 | Lair:1   | Entered Level 1 of the Lair of Beasts
 12607 | Lair:1   | Noticed Prince Ribbit
 12697 | Lair:1   | Killed Prince Ribbit
 12826 | Lair:3   | Found a glowing golden altar of the Shining One.
 12828 | Lair:3   | Reached skill level 6 in Fighting
 12864 | Lair:4   | Reached skill level 16 in Unarmed Combat
 13163 | Lair:6   | Reached XP level 12. HP: 29/114 MP: 5/5
 13380 | Lair:6   | Found a staircase to the Swamp.
 14232 | Lair:7   | Reached skill level 7 in Dodging
 14423 | Lair:7   | Found a dark tunnel.
 14679 | Lair:7   | Reached skill level 7 in Fighting
 14729 | Lair:7   | Found a viscous altar of Jiyva.
 14729 | Lair:7   | Found a staircase to the Slime Pits.
 15394 | Lair:7   | Reached skill level 17 in Unarmed Combat
 15749 | Lair:7   | Noticed a fire dragon
 15768 | Lair:7   | Killed a fire dragon
 15769 | Lair:7   | HP: 27/118 [crocodile (5)]
 15952 | Lair:7   | Reached skill level 8 in Dodging
 15972 | Lair:7   | Got a twitching wooden ring
 15995 | Lair:7   | Identified the ring of Gutuumn {Ice MP+9 Str+3} (You found it on level 7 of the Lair of Beasts)
 16005 | Lair:7   | Got a scintillating lapis lazuli ring
 16007 | Lair:7   | Identified the cursed ring of Harmony {rPois rF+ Int-3 Dex+4} (You found it on level 7 of the Lair of Beasts)
 16087 | Lair:7   | Became a worshipper of Jiyva Juvel the Shapeless
 16087 | Lair:7   | Acquired Jiyva's first power
 16087 | Lair:7   | Acquired Jiyva's second power
 16486 | Lair:1   | Reached XP level 13. HP: 76/127 MP: 5/5
 16697 | Lair:1   | Gained mutation: Your spells are a little harder to cast, but a little more powerful. [Jiyva's grace]
 16697 | Lair:1   | Acquired Jiyva's third power
 17050 | Lair:2   | Noticed a seven-headed hydra
 17059 | Lair:2   | HP: 25/127 [ten-headed hydra (8)]
 17288 | Lair:2   | HP: 26/127 [11-headed hydra (10)]
 17288 | Lair:2   | HP: 11/127 [11-headed hydra (15)]
 17288 | Lair:2   | HP: 5/127 [11-headed hydra (4)]
 17289 | Lair:2   | Slain by a 12-headed hydra

Action                   |  1- 3 |  4- 6 |  7- 9 | 10-12 | 13-15 || total
-------------------------+-------+-------+-------+-------+-------++-------
Melee: Unarmed           |    62 |   161 |   398 |   822 |    86 ||  1529
 Abil: Evoke Flight      |       |       |       |     1 |       ||     1
Evoke: Wand              |       |       |     1 |     2 |       ||     3
  Use: Scroll            |       |       |     7 |    13 |       ||    20
       Potion            |       |       |       |     1 |     3 ||     4
 Stab: Sleeping          |     2 |     1 |     4 |     4 |     1 ||    12
       Confused          |       |       |       |     1 |       ||     1
  Eat: Chunk             |    13 |    15 |    50 |    73 |     8 ||   159

Vault maps used:
D:1:      dpeg_arrival_lava_temple_mockup
D:2:      minmay_misc_feat_tower
D:3:      goddamned_bats
D:4:      lemuel_round_altar, first_bread, makhleb_heckhound_becter
D:5:      forest_paths, ashenzari_altar_1, minmay_temple_entry_hall,
          serial_shops, shop, gup_sewer_entry_glass,
          kennysheep_decorative_pillar
D:8:      hangedman_ranch, roderic_bali_sauvastika, uniq_blork_the_orc
D:9:      lemuel_round_altar, erik_orc_1
D:10:     minmay_stone_box, nicolae_trove_entry_crystal, serial_shops, shop,
          nicolae_shop_trees, shop, uniq_gastronok
D:11:     erik_lair_island, serial_shops, shop
Lair:1:   lemuel_ratsnest, portal_ice_cave_entry_ice_beasts,
          serial_bayou_pond_d, grunt_forest_small_clearing_treed,
          uniq_prince_ribbit2
Lair:2:   minmay_lair_oklob_items, bh_chokoban, grunt_megastairs_3,
          serial_bayou_shore_a, uniq_erica
Lair:3:   minmay_snake_entry_guardpost_small, basic_altar, lemuel_fruit_tree,
          uniq_maud
Lair:4:   mu_elephants_graveyard, serial_bayou_lagoon_b
Lair:5:   pond_and_an_island_with_a_cottage, serial_bayou_shore_b
Lair:6:   swamp_mist
Lair:7:   dragon1_lemuel, dpeg_slime_entry_enclosed_altar,
          nicolae_volcano_entry_hallway, worms_lemuel, bh_autumn_forest_stairs
Trove:    trove_simple
Sewer:    sewer_kobold_necro_badplayer

Table legend:
 A = Turns spent in this place as a percentage of turns spent in the entire game.
 B = Non-inter-level travel turns spent in this place as a percentage of non-inter-level travel turns spent in the entire game.
 C = Inter-level travel turns spent in this place as a percentage of turns spent in this place.
 D = Turns resting spent in this place as a percentage of non-inter-level travel turns spent in this place.
 E = Turns spent auto-exploring this place as a percentage of non-inter-level travel turns spent in this place.
 F = Non-inter-level travel turns spent in this place divided by the number of levels of this place that you've seen.
                   A       B       C       D       E      F
               +-------+-------+-------+-------+-------+----------------------
         Total | 100.0 | 100.0 |   1.0 |   2.2 |   6.7 | 410.5
       Dungeon |  70.5 |  70.5 |   1.0 |   1.7 |   7.5 | 526.1
          Lair |  25.6 |  25.6 |   1.0 |   3.0 |   4.6 | 300.7
         Trove |   0.4 |   0.4 |   0.0 |   0.0 |   0.0 |  34.0
         Sewer |   3.4 |   3.5 |   0.0 |   5.6 |   7.4 | 284.0
               +-------+-------+-------+-------+-------+----------------------

Table legend:
 A = Kills in this place as a percentage of kills in entire the game.
 B = Kills by you in this place as a percentage of kills by you in the entire game.
 C = Kills by friends in this place as a percentage of kills by friends in the entire game.
 D = Other kills in this place as a percentage of other kills in the entire game.
 E = Experience gained in this place as a percentage of experience gained in the entire game.
 F = Experience gained in this place divided by the number of levels of this place that you have seen.
                   A       B       C       D       E      F
               +-------+-------+-------+-------+-------+----------------------
         Total | 100.0 | 100.0 |  -nan |  -nan | 100.0 | 1990.8
       Dungeon |  66.2 |  66.2 |  -nan |  -nan |  44.0 | 1591.4
          Lair |  30.8 |  30.8 |  -nan |  -nan |  55.2 | 3142.3
         Sewer |   3.0 |   3.0 |  -nan |  -nan |   0.8 | 314.0
               +-------+-------+-------+-------+-------+----------------------
